 Dungeon Crawl Stone Soup version 0.30-a0-341-g682706514a (webtiles) character file.

Game seed: 9996345494764796789

65 Faman the Trooper (level 4, -4/29 HPs)
             Began as a Gargoyle Monk on Nov 2, 2022.
             Was a Priest of Dithmenos.
             Slain by Terence
             ... wielding a +2 short sword of freezing
              (8 damage)
             ... on level 2 of the Dungeon.
             The game lasted 00:07:16 (1280 turns).

Faman the Trooper (Gargoyle Monk)                   Turns: 1280, Time: 00:07:17

Health: -4/29      AC:  6    Str: 16    XL:     4   Next: 14%
Magic:  4/4        EV: 12    Int: 11    God:    Dithmenos [***...]
Gold:   154        SH:  0    Dex: 12    Spells: 3/3 levels left

rFire   . . .      SeeInvis .    a - +0 mace
rCold   . . .      Faith    .    (no shield)
rNeg    + . .      Spirit   .    b - +0 robe
rPois   ∞          Reflect  .    (no helmet)
rElec   +          Harm     .    j - scarf {shadows}
rCorr   .          Rampage  .    (no gloves)
Will    .....                    d - +0 pair of boots
Stlth   ++........               (no amulet)
HPRegen 0.24/turn                (no ring)
MPRegen 0.09/turn                (no ring)

@: wreathed by umbra
A: sickness immunity, AC +3, negative energy resistance 1, electricity
resistance, torment resistance 1, petrification resistance
a: Renounce Religion, Shadow Step


You were on level 2 of the Dungeon.
You worshipped Dithmenos.
Dithmenos was most pleased with you.
You visited 1 branch of the dungeon, and saw 2 of its levels.

You collected 154 gold pieces.

Inventory:

Hand Weapons
 a - a +0 mace (weapon)
 e - a +0 sling
 g - a +0 sling
 h - a +2 dagger of speed
Missiles
 f - 7 stones (quivered)
Armour
 b - a +0 robe (worn)
 d - a +0 pair of boots (worn)
 j - a scarf of shadows (worn)
Potions
 i - a potion of attraction


   Skills:
 + Level 4.0 Fighting
 + Level 3.9 Maces & Flails
 + Level 2.9 Dodging
 + Level 2.2 Stealth


You had 3 spell levels left.
You didn't know any spells.
Your spell library contained the following spells:

 Spells                   Type           Power      Damage    Failure   Level
 Dispel Undead            Necr           0%         3d6       98%         4
 Death Channel            Necr           0%         N/A       100%        6
 Cigotuvi's Dreadful Rot  Necr/Pois/Air  Unusable   N/A       N/A         2

Dungeon Overview and Level Annotations

Branches:
Dungeon (2/15)

Altars:
Dithmenos

Annotations:
D:2 Terence


Innate Abilities, Weirdness & Mutations

You are immune to sickness and miasma.
Your stone body is resilient. (AC +3)
You are immune to poison.
You resist negative energy. (rN+)
You are resistant to electric shocks. (rElec)
You are resistant to unholy torment.
You are immune to petrification.


Message History

* * * LOW HITPOINT WARNING * * *
You hit Terence but do no damage.
Terence is moderately wounded.
Terence barely misses you.
You bump into the rock wall.
Terence hits you but does no damage.
You barely miss Terence.
Terence is moderately wounded.
Terence hits you with a +2 short sword of freezing!
Terence freezes you.
You barely miss Terence.
Terence is moderately wounded.
Terence misses you.
The rat twitches its whiskers.
You hit Terence but do no damage.
Terence is moderately wounded.
You feel less invigorated.
You feel less confused. Terence closely misses you.
Terence hits you with a +2 short sword of freezing.
Terence freezes you. Terence attacks as you move away!
Terence barely misses you. Terence attacks as you move away!
Terence hits you with a +2 short sword of freezing!
* * * LOW HITPOINT WARNING * * *
Terence freezes you.
* * * LOW HITPOINT WARNING * * *
You thump Terence!
Terence is severely wounded.
Terence misses you.
You closely miss Terence.
Terence is severely wounded.
Terence screams, "I'm going to kill you!"
Terence misses you.
You hit Terence but do no damage.
Terence is severely wounded.
Terence closely misses you.
You hit Terence.
Terence is severely wounded.
Terence hits you with a +2 short sword of freezing!
You die...

.#......g)).........
#....<####)........
.......(...)........
.......######g#....#
.......# #.# #.##
..###### #.##### ##
#.#.#.## #.r@g..#.##
#..#@.....#
#..........
####......# ####....
#... #.. #.


You could see Terence (strong), a goblin and a rat.

Vanquished Creatures
  Robin (D:2)
  An adder (D:2)
  4 ball pythons (D:1)
  5 endoplasms (D:1)
  A giant cockroach (D:1)
  10 goblins
  3 hobgoblins
  4 jackals (D:1)
  A quokka (D:1)
  2 bats (D:1)
  A frilled lizard (D:1)
  6 kobolds (D:1)
  A rat (D:1)
  A spectral goblin (D:1)
  A bush (D:1)
42 creatures vanquished.

Vanquished Creatures (others)
  4 fungi (D:1)
  4 toadstools (D:1)
8 creatures vanquished.

Grand Total: 50 creatures vanquished

Notes
Turn   | Place    | Note
-------+----------+-------------------------------------------
     0 | D:1      | Faman the Gargoyle Monk began the quest for the Orb.
     0 | D:1      | Reached XP level 1. HP: 14/14 MP: 1/1
    45 | D:1      | Reached XP level 2. HP: 18/19 MP: 2/2
   510 | D:1      | Found a faded altar of an unknown god.
   523 | D:1      | Prayed at the altar of an unknown god.
   523 | D:1      | Became a worshipper of Dithmenos the Shadowed
   523 | D:1      | Reached * piety under Dithmenos
   523 | D:1      | Reached ** piety under Dithmenos
   587 | D:1      | Reached XP level 3. HP: 10/24 MP: 3/3
   769 | D:1      | Reached *** piety under Dithmenos
  1210 | D:2      | Noticed Robin
  1225 | D:2      | Killed Robin
  1235 | D:2      | Reached XP level 4. HP: 23/29 MP: 4/4
  1236 | D:2      | Reached skill level 4 in Fighting
  1241 | D:2      | Noticed Terence
  1280 | D:2      | Slain by Terence

Illustrated notes

Levels and vault maps discovered:
D:1:      enne_arrival_octagon_isle, layout_loops_ring,
          dreamdust_ecumenical_altar_drowned_temple, minmay_hedge_maze,
          grunt_decor_junction, minmay_misc_feat_chi, minmay_gold_behind_fungi,
          st_stairs_11
D:2:      layout_rooms, serial_shops, shop, nicolae_figureground_sparkle,
          uniq_robin, uniq_terence

Skill      XL: |  1  2  3  4 |
---------------+-------------+-----
Fighting       | 4 |  4.0
Maces & Flails | |  3.9
Dodging        | |  2.9
Stealth        | |  2.2

Action                   |  1- 3 |  4- 6 || total
-------------------------+-------+-------++-------
Melee: Mace              |   331 |    28 ||   359
       Punch             |     6 |       ||     6
  Use: Potion            |     2 |     1 ||     3
       Scroll            |     1 |       ||     1
Armor: Robe              |    75 |    12 ||    87
Dodge: Dodged            |   131 |    39 ||   170

Table legend: (Time is in decaauts)
 A = Elapsed time spent in this place.
 B = Non-inter-level travel time spent in this place.
 C = Inter-level travel time spent in this place.
 D = Time resting spent in this place.
 E = Time spent auto-exploring this place.
 F = Levels seen in this place.
 G = Mean time per level.
                   A        B        C        D        E       F      G
               +--------+--------+--------+--------+--------+-----+--------+
         Total |   1375 |   1375 |      0 |    240 |    339 |   2 |  687.5 |
       Dungeon |   1375 |   1375 |      0 |    240 |    339 |   2 |  687.5 |
               +--------+--------+--------+--------+--------+-----+--------+

Top non-repeatable levels by time:
     D:1: 1285 daAuts
     D:2: 90 daAuts
